 Dungeon Crawl Stone Soup version 0.27.1 (webtiles) character file.

Game seed: 11312664128791299017

275 safid the Chopper (level 6, 0/53 HPs)
             Began as a Hill Orc Fighter on Sept 2, 2021.
             Slain by a water moccasin skeleton (2 damage)
             ... on level 4 of the Dungeon.
             The game lasted 00:07:19 (3852 turns).

safid the Chopper (Hill Orc Fighter)                Turns: 3852, Time: 00:07:20

Health: 0/53       AC:  8    Str: 21    XL:     6   Next: 25%
Magic:  6/6        EV:  7    Int:  8    God:
Gold:   111        SH:  9    Dex: 10    Spells: 5/5 levels left

rFire    . . .     SeeInvis .   a - +0 war axe
rCold    . . .     Faith    .   c - +0 kite shield
rNeg     . . .     Spirit   .   b - +0 scale mail
rPois    .         Reflect  .   (no helmet)
rElec    .         Harm     .   (no cloak)
rCorr    .         Rampage  .   (no gloves)
Will     .....                  p - +0 pair of boots
Stlth    ..........             (no amulet)
HPRegen  0.17/turn              (no ring)
MPRegen  0.10/turn              (no ring)

@: no status effects
A: no striking features
a: no special abilities


You were on level 4 of the Dungeon.
You visited 1 branch of the dungeon, and saw 4 of its levels.

You collected 111 gold pieces.

Inventory:

Hand Weapons
 a - a +0 war axe (weapon)
Missiles
 e - 94 stones
 n - 5 poisoned darts (quivered)
Armour
 b - a +0 scale mail (worn)
 c - a +0 kite shield (worn)
 p - a +0 pair of boots (worn)
Scrolls
 f - a scroll of teleportation {unknown}
 g - a scroll of enchant armour {unknown}
 h - a scroll of immolation {unknown}
 j - a scroll of identify {unknown}
 k - a scroll of brand weapon {unknown}
Potions
 d - a potion of might
 i - a potion of flight {unknown}
 l - a potion of lignification {unknown}
 m - a potion of mutation {unknown}
 o - a potion of curing {unknown}


   Skills:
 + Level 4.7 Fighting
 + Level 6.0 Axes
 + Level 4.4 Armour
 + Level 4.2 Shields


You had 5 spell levels left.
You didn't know any spells.
Your spell library was empty.

Dungeon Overview and Level Annotations

Branches:
Dungeon (4/15)
 Temple: D:4-7

Altars:

Shops:
D:1 (   D:2 =


Message History

* * * LOW HITPOINT WARNING * * *
The water moccasin skeleton closely misses you.
Unknown command.
You slash the gnoll!
You kill the gnoll!
You hit the water moccasin skeleton.
The water moccasin skeleton barely misses you.
The water moccasin skeleton bites you but does no damage.
Your Axes skill increases to level 6!
You barely miss the gnoll.
Your shield and scale mail prevent you from hitting the water moccasin skeleton.
The water moccasin skeleton bites you.
* * * LOW HITPOINT WARNING * * *
The gnoll hits you with a +0 whip.
* * * LOW HITPOINT WARNING * * *
The water moccasin skeleton closely misses you.
You block the gnoll's attack.
You closely miss the gnoll.
You closely miss the water moccasin skeleton.
The water moccasin skeleton bites you but does no damage.
You block the gnoll's attack. The water moccasin skeleton bites you.
* * * LOW HITPOINT WARNING * * *
Unknown command.
You slash the gnoll!
The gnoll is almost dead.
You hit the water moccasin skeleton. You block the gnoll's attack.
The water moccasin skeleton bites you.
* * * LOW HITPOINT WARNING * * *
The gnoll closely misses you.
Unknown command.
You hit the gnoll but do no damage.
The gnoll is almost dead.
You hit the water moccasin skeleton.
You block the water moccasin skeleton's attack. x2
The gnoll barely misses you.
Unknown command.
You hit the gnoll but do no damage.
The gnoll is almost dead.
You hit the water moccasin skeleton. The water moccasin skeleton bites you.
You die...

#.# .#.###
..# #.# .#
### #.# .
#g# #.#
#.##########
#.....g....#
##########g#
#@# #Z# #.#
#.# #.# #.#
#.# ... ..#


You could see a gnoll and a water moccasin skeleton.

Vanquished Creatures
  A hound (D:4)
  A gnoll shaman (D:4)
  Ijyb (D:4)
  Jessica (D:2)
  A hound skeleton (D:4)
  4 gnolls (D:4)
  2 adders (D:3)
  4 worms
  8 orcs
  8 endoplasms
  2 giant cockroaches
  9 hobgoblins
  2 jackals (D:1)
  8 kobolds
  4 quokkas
  3 ball pythons (D:1)
  6 bats
  4 frilled lizards
  8 rats
77 creatures vanquished.

Notes
Turn   | Place    | Note
-------+----------+-------------------------------------------
     0 | D:1      | safid the Hill Orc Fighter began the quest for the Orb.
     0 | D:1      | Reached XP level 1. HP: 19/19 MP: 1/1
   396 | D:1      | Reached XP level 2. HP: 27/27 MP: 2/2
   647 | D:1      | Reached skill level 3 in Axes
   969 | D:1      | Reached XP level 3. HP: 31/33 MP: 3/3
  1265 | D:1      | Found Amomux's Weapon Shop.
  1885 | D:2      | Found Enwaq's Jewellery Shoppe.
  2117 | D:2      | Noticed Jessica
  2124 | D:2      | Killed Jessica
  2125 | D:2      | Reached skill level 4 in Axes
  2125 | D:2      | Reached XP level 4. HP: 39/40 MP: 4/4
  2164 | D:2      | Found a faded altar of an unknown god.
  3328 | D:4      | Reached XP level 5. HP: 45/47 MP: 5/5
  3348 | D:4      | Noticed Ijyb
  3350 | D:4      | Paralysed by Ijyb for 3 turns
  3363 | D:4      | Killed Ijyb
  3364 | D:4      | Reached skill level 5 in Axes
  3771 | D:4      | Reached XP level 6. HP: 50/53 MP: 6/6
  3848 | D:4      | Reached skill level 6 in Axes
  3850 | D:4      | HP: 2/53 [water moccasin skeleton (3)]
  3852 | D:4      | Slain by a water moccasin skeleton

Illustrated notes

Levels and vault maps discovered:
D:1:      dpeg_arrival_signposts, layout_basic, serial_shops, shop_fountains,
          minmay_fountain_box
D:2:      layout_loops_cross, dreamdust_ecumenical_altar_grove, serial_shops,
          nicolae_square_shop, uniq_jessica
D:3:      layout_basic, serial_park_tiny_1
D:4:      layout_loops_ring, general_overflow_altar, uniq_ijyb,
          uniq_crazy_yiuf_cottage

Skill      XL: |  1  2  3  4  5  6 |
---------------+-------------------+-----
Axes           | 3 4 5 6 |  6.0
Fighting       | 4 |  4.7
Armour         | 4 |  4.4
Shields        | 4 |  4.2

Action                   |  1- 3 |  4- 6 || total
-------------------------+-------+-------++-------
Melee: War axe           |   133 |   136 ||   269
Armor: Scale mail        |    80 |    67 ||   147
Dodge: Dodged            |    43 |    59 ||   102
Block: Kite shield       |    67 |    75 ||   142
